Lightning vs Hurricanes

Created - Monday, February 22, 2016 at 03:06

Goals
1 2 3 T
Lightning 1 1 2 4
Hurricanes 0 1 1 2
Shots
1 2 3 T
Lightning 10 13 7 30
Hurricanes 13 13 12 38

1st period

1. Lightning , Ryan Strome 22 (Brandon Dubinsky) at 18:13 (PP)

Penalties :
Ondrej Palat (TB ) for Tripping (Minor) at 3:58, Alexander Steen (TB ) for Hooking (Minor) at 6:47, Ryan Nugent-Hopkins (TB ) for High sticking (Minor) at 10:53, Mattias Ekholm (TB ) for High sticking (Minor) at 14:13, Carey Price (TB ) for Slashing (Minor) at 14:30 - Derek MacKenzie served the penalty, Mike Weaver (Car) for Holding (Minor) at 17:24

2nd period

2. Lightning , Alexander Steen 34 (Michael Stone, Marc Methot) at 8:40
3. Hurricanes , Jiri Hudler 46 (Eric Staal, Jared Spurgeon) at 10:01

Penalties :
No Penalty

3rd period

4. Lightning , Patric Hornqvist 31 (Alexander Steen, Ryan Nugent-Hopkins) at 1:14
5. Lightning , Ryan Strome 23 (Ondrej Palat, Brandon Dubinsky) at 4:11 (PP)
6. Hurricanes , Marian Gaborik 44 (Mike Fisher, John Muse) at 9:03 (PP)

Penalties :
Mike Fisher (Car) for High sticking (Minor) at 3:43, Alexander Steen (TB ) for Boarding (Minor) at 7:10, Patric Hornqvist (TB ) for Tripping (Minor) at 10:42

Goalie Stats

Carey Price (TB ), 36 saves from 38 shots - (0.947), W, 31-11-6, 60:00 minutes
John Muse (Car), 19 saves from 23 shots - (0.826), L, 0-2-0, 49:20 minutes
Brian Elliott (Car), 7 saves from 7 shots - (1.000), 10:40 minutes

Players Stats for Lightning

Player Name              G  A  P  +/- PIM S  H  SB GA TA FO     MP     PP MP  PK MP  
------------------------------------------------------------------------------------
Alex Chiasson            0  0  0   0  0   3  0  0  3  0  0/1     9:05   0:00   0:00 
Alexander Steen          1  1  2   1  4   1  0  1  0  1  0/0    16:21   0:34   0:00 
Brandon Dubinsky         0  2  2   0  0   0  2  0  1  3  7/16   19:38   0:43   5:34 
Derek MacKenzie          0  0  0   0  0   0  0  0  0  0  13/16  15:30   0:00   5:14 
Jiri Tlusty              0  0  0   0  0   3  0  2  0  0  1/1     9:05   0:00   0:00 
John Mitchell            0  0  0   0  0   2  1  0  0  0  4/6     9:05   0:00   0:00 
Leo Komarov              0  0  0   0  0   1  1  0  0  1  0/1    16:18   0:00   6:31 
Marc Methot              0  1  1   1  0   2  1  5  1  0  0/0    21:25   0:26   6:42 
Matt Calvert             0  0  0   0  0   5  2  0  2  1  0/1    16:25   0:00   5:08 
Mattias Ekholm           0  0  0   0  2   2  0  1  0  0  0/0    15:01   0:00   0:01 
Michael Stone            0  1  1   1  0   1  1  1  0  3  0/0    19:44   0:26   5:23 
Ondrej Palat             0  1  1   0  2   2  0  0  2  0  0/0    12:32   0:43   0:00 
Patric Hornqvist         1  0  1   1  2   2  0  0  0  0  0/1    14:58   0:34   0:00 
Roman Polak              0  0  0   0  0   0  4  1  0  3  0/0    22:11   0:00   5:23 
Ryan Nugent-Hopkins      0  1  1   1  2   1  2  0  2  1  2/8    15:01   0:34   0:00 
Ryan Strome              2  0  2   0  0   4  0  0  4  0  1/1    12:06   0:43   0:00 
Ryan Suter               0  0  0   0  0   1  4  2  0  3  0/0    25:14   0:51   6:42 
Tyson Barrie             0  0  0   0  0   0  1  1  0  1  0/0    16:23   0:51   0:00 

Players Stats for Hurricanes

Player Name              G  A  P  +/- PIM S  H  SB GA TA FO     MP     PP MP  PK MP  
------------------------------------------------------------------------------------
Brian Flynn              0  0  0  -1  0   2  0  0  1  0  1/6    10:11   0:00   0:38 
Eric Staal               0  1  1   1  0   2  2  0  3  0  5/12   18:36   6:34   0:00 
Fedor Tyutin             0  0  0   0  0   1  0  0  1  0  0/0    14:53   0:00   0:49 
Jared Spurgeon           0  1  1  -1  0   2  0  2  1  2  0/0    23:01   6:09   0:28 
Jiri Hudler              1  0  1   1  0   5  0  0  2  0  0/2    18:36   6:34   0:00 
Josh Bailey              0  0  0  -1  0   1  1  0  0  1  0/0    18:42   5:31   0:00 
Kris Versteeg            0  0  0   1  0   0  2  0  0  0  0/1    18:36   6:34   0:00 
Marco Scandella          0  0  0   0  0   2  2  1  0  0  0/0    22:54   5:56   0:49 
Marian Gaborik           1  0  1  -1  0   5  0  0  5  0  0/0    18:42   5:31   0:00 
Martin Hanzal            0  0  0   0  0   2  0  0  2  0  5/6    12:30   0:00   0:39 
Matt Read                0  0  0   0  0   3  1  0  1  2  1/1    12:30   0:00   0:39 
Mike Fisher              0  1  1  -1  2   1  0  1  3  0  11/21  18:41   5:31   0:00 
Mike Weaver              0  0  0   0  2   1  0  1  0  2  0/0    14:03   0:00   0:00 
Mikhail Grabovski        0  0  0   0  0   3  0  0  2  0  0/1    11:51   0:00   0:00 
Stephane Robidas         0  0  0  -1  0   4  6  2  0  1  0/0    23:01   6:09   0:28 
Stephen Gionta           0  0  0  -1  0   0  2  1  0  0  0/1    10:11   0:00   0:38 
Thomas Hickey            0  0  0   0  0   4  1  1  0  0  0/0    22:05   5:56   0:00 
Viktor Stalberg          0  0  0  -1  0   0  1  1  5  0  1/1     9:33   0:00   0:00 

3 Stars

1 - Ryan Strome (TB )
2 - Carey Price (TB )
3 - Brandon Dubinsky (TB )

Power Play

Lightning - 2 on 2 Attempt(s) - 100.00%
Hurricanes - 1 on 7 Attempt(s) - 14.29%

Penalty Kill

Lightning - 6 on 7 Attempt(s) - 85.71% - Score 0 goal in Penalty Kill
Hurricanes - 0 on 2 Attempt(s) - 0.00% - Score 0 goal in Penalty Kill

Team Stat

Lightning - Hits : 19 - Faceoff Wins : 28 - Blocked Shots : 14 - Penalty Minutes : 12
Hurricanes - Hits : 18 - Faceoff Wins : 24 - Blocked Shots : 10 - Penalty Minutes : 4

Official

Referees : Unknown
Linesman : Unknown

Game Notes

Brian Elliott is injured at 10:40 of 1st period (Strained Back)
John Muse enters game at 10:40 of 1st period

Finance

Level 1 -- Attendance: 5912 (98.53%) -- Ticket Income $490,696
Level 2 -- Attendance: 4639 (92.78%) -- Ticket Income $231,950
Level 3 -- Attendance: 1840 (92.00%) -- Ticket Income $55,200
Level 4 -- Attendance: 4000 (100.00%) -- Ticket Income $52,000
Luxury Box -- Attendance: 751 (75.10%) -- Ticket Income $135,180
Game was played at the RBC Arena.
Total Attendance: 17142 (95.23%)
Total Ticket Income: $965,026
Other Income: $472,863
Total Income: $1,437,889

Lightning

5 vs 5 Forward 
   Center                   Left Wing                Right Wing               Time % Phy DF OF 
 1 Ryan Nugent-Hopkins      Alexander Steen          Patric Hornqvist         30     0   2  3  
 2 Brandon Dubinsky         Ondrej Palat             Ryan Strome              30     1   2  2  
 3 John Mitchell            Jiri Tlusty              Alex Chiasson            20     1   2  2  
 4 Derek MacKenzie          Matt Calvert             Leo Komarov              20     1   2  2  

5 vs 5 Defense 
   Defense                  Defense                                           Time % Phy DF OF 
 1 Ryan Suter               Tyson Barrie                                      34     1   2  2  
 2 Michael Stone            Marc Methot                                       33     1   2  2  
 3 Roman Polak              Mattias Ekholm                                    33     1   2  2  
 4 Ryan Suter               Tyson Barrie                                      0      1   2  2  

PowerPlay Forward 
   Center                   Left Wing                Right Wing               Time % Phy DF OF 
 1 Ryan Nugent-Hopkins      Alexander Steen          Patric Hornqvist         50     0   1  4  
 2 Brandon Dubinsky         Ondrej Palat             Ryan Strome              50     0   1  4  

PowerPlay Defense
   Defense                  Defense                                           Time % Phy DF OF 
 1 Ryan Suter               Tyson Barrie                                      60     1   2  2  
 2 Michael Stone            Marc Methot                                       40     1   2  2  

Penalty Kill 4 Players Forward 
   Center                   Wing                     Time % Phy DF OF 
 1 Derek MacKenzie          Leo Komarov              50     1   4  0  
 2 Brandon Dubinsky         Matt Calvert             50     1   4  0  

Penalty Kill 4 Players Defense
   Defense                  Defense                  Time % Phy DF OF 
 1 Michael Stone            Roman Polak              50     1   4  0  
 2 Ryan Suter               Marc Methot              50     1   4  0  

Penalty Kill - 3 Players Forward 
   Forward                                           Time % Phy DF OF 
 1 Derek MacKenzie                                   50     1   4  0  
 2 Brandon Dubinsky                                  50     1   4  0  

Penalty Kill - 3 Players Defense
   Defense                  Defense                  Time % Phy DF OF 
 1 Michael Stone            Roman Polak              50     1   4  0  
 2 Ryan Suter               Marc Methot              50     1   4  0  

4 vs 4 Forward 
   Center                   Wing                     Time % Phy DF OF 
 1 Ryan Nugent-Hopkins      Patric Hornqvist         50     1   2  2  
 2 Brandon Dubinsky         Ondrej Palat             50     1   2  2  

4 vs 4 Defense
   Defense                  Defense                  Time % Phy DF OF 
 1 Ryan Suter               Tyson Barrie             50     1   2  2  
 2 Michael Stone            Marc Methot              50     1   2  2  

Last Minutes Offensive
   Center                   Left Wing                Right Wing               Defense                  Defense                  
   Ryan Nugent-Hopkins      Alexander Steen          Patric Hornqvist         Ryan Suter               Tyson Barrie             

Last Minutes Defensive
   Center                   Left Wing                Right Wing               Defense                  Defense                  
   Brandon Dubinsky         Alexander Steen          Leo Komarov              Ryan Suter               Roman Polak              

Goaltenders
Starting : Carey Price              
Backup : Mike Smith               

Extra Forwards
Normal : Ryan Nugent-Hopkins, Patric Hornqvist, Brandon Dubinsky - PP : Ryan Nugent-Hopkins, Patric Hornqvist - PK : Leo Komarov
Extra Defensemen
Normal : Ryan Suter, Tyson Barrie, Marc Methot - PP : Ryan Suter - PK : Roman Polak, Ryan Suter
Penalty Shots
Alexander Steen, Derek MacKenzie, Ryan Strome, Ryan Nugent-Hopkins, Patric Hornqvist

Hurricanes

5 vs 5 Forward 
   Center                   Left Wing                Right Wing               Time % Phy DF OF 
 1 Mike Fisher              Josh Bailey              Marian Gaborik           28     0   2  3  
 2 Eric Staal               Kris Versteeg            Jiri Hudler              27     0   2  3  
 3 Martin Hanzal            Mikhail Grabovski        Matt Read                25     0   2  3  
 4 Brian Flynn              Viktor Stalberg          Stephen Gionta           20     0   2  3  

5 vs 5 Defense 
   Defense                  Defense                                           Time % Phy DF OF 
 1 Jared Spurgeon           Stephane Robidas                                  35     0   2  3  
 2 Thomas Hickey            Marco Scandella                                   35     0   2  3  
 3 Fedor Tyutin             Mike Weaver                                       30     1   2  2  
 4 Jared Spurgeon           Stephane Robidas                                  0      0   2  3  

PowerPlay Forward 
   Center                   Left Wing                Right Wing               Time % Phy DF OF 
 1 Mike Fisher              Josh Bailey              Marian Gaborik           50     0   1  4  
 2 Eric Staal               Kris Versteeg            Jiri Hudler              50     0   1  4  

PowerPlay Defense
   Defense                  Defense                                           Time % Phy DF OF 
 1 Jared Spurgeon           Stephane Robidas                                  50     0   1  4  
 2 Thomas Hickey            Marco Scandella                                   50     0   1  4  

Penalty Kill 4 Players Forward 
   Center                   Wing                     Time % Phy DF OF 
 1 Brian Flynn              Stephen Gionta           50     0   4  1  
 2 Martin Hanzal            Matt Read                50     0   4  1  

Penalty Kill 4 Players Defense
   Defense                  Defense                  Time % Phy DF OF 
 1 Fedor Tyutin             Mike Weaver              50     1   4  0  
 2 Jared Spurgeon           Stephane Robidas         50     1   4  0  

Penalty Kill - 3 Players Forward 
   Forward                                           Time % Phy DF OF 
 1 Brian Flynn                                       50     0   5  0  
 2 Martin Hanzal                                     50     0   5  0  

Penalty Kill - 3 Players Defense
   Defense                  Defense                  Time % Phy DF OF 
 1 Fedor Tyutin             Mike Weaver              50     1   4  0  
 2 Jared Spurgeon           Stephane Robidas         50     1   4  0  

4 vs 4 Forward 
   Center                   Wing                     Time % Phy DF OF 
 1 Mike Fisher              Marian Gaborik           50     0   3  2  
 2 Eric Staal               Jiri Hudler              50     0   3  2  

4 vs 4 Defense
   Defense                  Defense                  Time % Phy DF OF 
 1 Jared Spurgeon           Stephane Robidas         50     0   2  3  
 2 Thomas Hickey            Marco Scandella          50     0   2  3  

Last Minutes Offensive
   Center                   Left Wing                Right Wing               Defense                  Defense                  
   Mike Fisher              Jiri Hudler              Marian Gaborik           Jared Spurgeon           Marco Scandella          

Last Minutes Defensive
   Center                   Left Wing                Right Wing               Defense                  Defense                  
   Mike Fisher              Brian Flynn              Stephen Gionta           Fedor Tyutin             Mike Weaver              

Goaltenders
Starting : Brian Elliott            
Backup : John Muse                

Extra Forwards
Normal : Mike Fisher, Jiri Hudler, Marian Gaborik - PP : Marian Gaborik, Jiri Hudler - PK : Brian Flynn
Extra Defensemen
Normal : Jared Spurgeon, Fedor Tyutin, Marco Scandella - PP : Fedor Tyutin - PK : Marco Scandella, Fedor Tyutin
Penalty Shots
Fedor Tyutin, Brian Flynn, Marian Gaborik, Josh Bailey, Jiri Hudler

% Time on Ice - Lightning

Lines # - Real PCT - Wanted PCT - Time Play
Normal Forward
1 - 32% - 30% - 14:52
2 - 29% - 30% - 13:21
3 - 20% - 20% - 9:06
4 - 20% - 20% - 9:19
Normal Defense
1 - 37% - 34% - 17:19
2 - 31% - 33% - 14:17
3 - 32% - 33% - 15:02
4 - 0% - 0% - 0:00
PP Forward
1 - 44% - 50% - 0:34
2 - 56% - 50% - 0:43
PP Defense
1 - 66% - 60% - 0:51
2 - 34% - 40% - 0:26
PK Forward
1 - 51% - 50% - 5:15
2 - 49% - 50% - 5:08
PK Defense
1 - 43% - 50% - 4:30
2 - 57% - 50% - 5:53
PK3 Forward
1 - 75% - 50% - 1:16
2 - 25% - 50% - 0:26
PK3 Defense
1 - 52% - 50% - 0:53
2 - 48% - 50% - 0:49
44 Forward
1 - 0% - 50%
2 - 0% - 50%
44 Defense
1 - 0% - 50%
2 - 0% - 50%
Last Minute Offensive  - 0:00
Last Minute Defensive  - 0:00
Total
Forward - 60:00
Defense - 60:00

% Time on Ice - Hurricanes

Lines # - Real PCT - Wanted PCT - Time Play
Normal Forward
1 - 28% - 28% - 13:12
2 - 26% - 27% - 12:02
3 - 25% - 25% - 11:51
4 - 20% - 20% - 9:33
Normal Defense
1 - 35% - 35% - 16:25
2 - 35% - 35% - 16:09
3 - 30% - 30% - 14:04
4 - 0% - 0% - 0:00
PP Forward
1 - 46% - 50% - 5:31
2 - 54% - 50% - 6:34
PP Defense
1 - 51% - 50% - 6:09
2 - 49% - 50% - 5:56
PK Forward
1 - 49% - 50% - 0:38
2 - 51% - 50% - 0:39
PK Defense
1 - 64% - 50% - 0:49
2 - 36% - 50% - 0:28
PK3 Forward
1 - 0% - 50%
2 - 0% - 50%
PK3 Defense
1 - 0% - 50%
2 - 0% - 50%
44 Forward
1 - 0% - 50%
2 - 0% - 50%
44 Defense
1 - 0% - 50%
2 - 0% - 50%
Last Minute Offensive  - 0:00
Last Minute Defensive  - 0:00
Total
Forward - 60:00
Defense - 60:00

Play by Play

1st period


0:01 of 1st period - Mike Fisher wins face-off versus Patric Hornqvist in neutral zone.
1:02 of 1st period - Michael Stone is hit by Eric Staal and loses puck.
1:13 of 1st period - Snap shot by Eric Staal.
1:13 of 1st period - Stopped by Carey Price with a rebound.
1:15 of 1st period - Slapshot by Thomas Hickey.
1:15 of 1st period - Shot Misses the Net.
1:17 of 1st period - Slapshot by Marco Scandella.
1:17 of 1st period - Stopped by Carey Price with a rebound.
1:19 of 1st period - Slapshot by Thomas Hickey.
1:19 of 1st period - Stopped by Carey Price without a rebound.
1:20 of 1st period - Matt Read wins face-off versus John Mitchell in Lightning zone.
1:29 of 1st period - Backhand shot by Matt Read.
1:29 of 1st period - Shot Misses the Net.
1:35 of 1st period - Snap shot by Mikhail Grabovski.
1:35 of 1st period - Shot Blocked by Jiri Tlusty.
1:37 of 1st period - Snap shot by Matt Read.
1:37 of 1st period - Stopped by Carey Price without a rebound.
1:38 of 1st period - Jiri Tlusty wins face-off versus Martin Hanzal in Lightning zone.
2:18 of 1st period - Mike Weaver is hit by Roman Polak and loses puck.
2:31 of 1st period - Wrist shot by Viktor Stalberg.
2:31 of 1st period - Shot Blocked by Roman Polak.
2:33 of 1st period - Slapshot by Thomas Hickey.
2:33 of 1st period - Stopped by Carey Price with a rebound.
2:35 of 1st period - Wrist shot by Thomas Hickey.
2:35 of 1st period - Shot Blocked by Jiri Tlusty.
2:43 of 1st period - Snap shot by Brian Flynn.
2:43 of 1st period - Stopped by Carey Price with a rebound.
2:45 of 1st period - Slapshot by Thomas Hickey.
2:45 of 1st period - Deflect By Alex Chiasson.
2:45 of 1st period - Stopped by Carey Price with a rebound.
2:47 of 1st period - Wrist shot by Brian Flynn.
2:47 of 1st period - Shot Misses the Net.
2:49 of 1st period - Slapshot by Thomas Hickey.
2:49 of 1st period - Shot Misses the Net.
3:07 of 1st period - Wrist shot by Matt Calvert.
3:07 of 1st period - Shot Misses the Net.
3:09 of 1st period - Wrist shot by Marc Methot.
3:09 of 1st period - Stopped by Brian Elliott with a rebound.
3:11 of 1st period - Slapshot by Michael Stone.
3:11 of 1st period - Stopped by Brian Elliott without a rebound.
3:12 of 1st period - Derek MacKenzie wins face-off versus Kris Versteeg in Hurricanes zone.
3:15 of 1st period - Wrist shot by Leo Komarov.
3:15 of 1st period - Stopped by Brian Elliott with a rebound.
3:17 of 1st period - Slapshot by Matt Calvert.
3:17 of 1st period - Stopped by Brian Elliott with a rebound.
3:37 of 1st period - Wrist shot by Matt Calvert.
3:37 of 1st period - Stopped by Brian Elliott without a rebound.
3:38 of 1st period - Mike Fisher wins face-off versus Brandon Dubinsky in Hurricanes zone.
3:58 of 1st period - Minor Penalty to Ondrej Palat for Tripping.
3:59 of 1st period - Derek MacKenzie wins face-off versus Jiri Hudler in Lightning zone.
4:59 of 1st period - Snap shot by Mike Fisher.
4:59 of 1st period - Shot Misses the Net.
5:09 of 1st period - Wrist shot by Marian Gaborik.
5:09 of 1st period - Stopped by Carey Price with a rebound.
5:11 of 1st period - Wrist shot by Josh Bailey.
5:11 of 1st period - Shot Blocked by Marc Methot.
5:58 of 1st period - Penalty to Ondrej Palat is over, Ondrej Palat is back on ice.
6:17 of 1st period - Snap shot by Ondrej Palat.
6:17 of 1st period - Stopped by Brian Elliott with a rebound.
6:47 of 1st period - Minor Penalty to Alexander Steen for Hooking.
6:48 of 1st period - Derek MacKenzie wins face-off versus Eric Staal in Lightning zone.
7:01 of 1st period - Wrist shot by Jiri Hudler.
7:01 of 1st period - Stopped by Carey Price with a rebound.
7:03 of 1st period - Slapshot by Kris Versteeg.
7:03 of 1st period - Shot Misses the Net.
7:05 of 1st period - Slapshot by Marco Scandella.
7:05 of 1st period - Shot Misses the Net.
7:07 of 1st period - Slapshot by Marco Scandella.
7:07 of 1st period - Stopped by Carey Price with a rebound.
7:43 of 1st period - Snap shot by Ryan Suter.
7:43 of 1st period - Deflect By Leo Komarov.
7:43 of 1st period - Shot Blocked by Thomas Hickey.
7:43 of 1st period - Puck is out of play.
7:44 of 1st period - Derek MacKenzie wins face-off versus Eric Staal in Hurricanes zone.
8:35 of 1st period - Jared Spurgeon is hit by Brandon Dubinsky and loses puck.
8:44 of 1st period - Snap shot by Jiri Hudler.
8:44 of 1st period - Shot Misses the Net.
8:47 of 1st period - Penalty to Alexander Steen is over, Alexander Steen is back on ice.
8:48 of 1st period - Wrist shot by Eric Staal.
8:48 of 1st period - Shot Misses the Net.
10:40 of 1st period - Snap shot by Jiri Tlusty.
10:40 of 1st period - Stopped by Brian Elliott with a rebound.
10:40 of 1st period - Brian Elliott from Hurricanes is injured at 10:40 of 1st period (Strained Back).
10:40 of 1st period - John Muse enters game.
10:41 of 1st period - Ryan Nugent-Hopkins wins face-off versus Eric Staal in Hurricanes zone.
10:53 of 1st period - Minor Penalty to Ryan Nugent-Hopkins for High sticking.
10:54 of 1st period - Derek MacKenzie wins face-off versus Mike Fisher in Lightning zone.
11:28 of 1st period - Wrist shot by Mike Fisher.
11:28 of 1st period - Shot Misses the Net.
11:50 of 1st period - Stephane Robidas is hit by Matt Calvert and loses puck.
12:41 of 1st period - Snap shot by Matt Calvert.
12:41 of 1st period - Stopped by John Muse with a rebound.
12:53 of 1st period - Penalty to Ryan Nugent-Hopkins is over, Ryan Nugent-Hopkins is back on ice.
13:05 of 1st period - Brian Flynn is hit by Ryan Suter and loses puck.
13:27 of 1st period - Stephen Gionta is hit by Ryan Nugent-Hopkins and loses puck.
14:10 of 1st period - Snap shot by Mikhail Grabovski.
14:10 of 1st period - Stopped by Carey Price without a rebound.
14:11 of 1st period - Ryan Strome wins face-off versus Eric Staal in Lightning zone.
14:13 of 1st period - Minor Penalty to Mattias Ekholm for High sticking.
14:14 of 1st period - Derek MacKenzie wins face-off versus Eric Staal in Lightning zone.
14:30 of 1st period - Wrist shot by Jiri Hudler.
14:30 of 1st period - Stopped by Carey Price without a rebound.
14:30 of 1st period - Minor Penalty to Carey Price for Slashing.
14:31 of 1st period - Mike Fisher wins face-off versus Leo Komarov in Lightning zone.
15:35 of 1st period - Ryan Suter is hit by Kris Versteeg and loses puck.
15:50 of 1st period - Snap shot by Jiri Hudler.
15:50 of 1st period - Shot Misses the Net.
16:13 of 1st period - Penalty to Mattias Ekholm is over, Mattias Ekholm is back on ice.
16:30 of 1st period - Penalty to Derek MacKenzie is over, Derek MacKenzie is back on ice.
16:42 of 1st period - Jared Spurgeon is hit by Marc Methot and loses puck.
17:17 of 1st period - Wrist shot by Patric Hornqvist.
17:17 of 1st period - Stopped by John Muse with a rebound.
17:24 of 1st period - Minor Penalty to Mike Weaver for Holding.
17:25 of 1st period - Brian Flynn wins face-off versus Ryan Nugent-Hopkins in Hurricanes zone.
18:13 of 1st period - Snap shot by Ryan Strome.
18:13 of 1st period - Goal by Ryan Strome - Lightning : 1 - Hurricanes : 0.
18:14 of 1st period - Derek MacKenzie wins face-off versus Mike Fisher in neutral zone.
18:37 of 1st period - Roman Polak is hit by Stephane Robidas and loses puck.
18:48 of 1st period - Slapshot by Marian Gaborik.
18:48 of 1st period - Stopped by Carey Price without a rebound.
18:49 of 1st period - Eric Staal wins face-off versus Ryan Nugent-Hopkins in Lightning zone.
19:04 of 1st period - Snap shot by Ryan Nugent-Hopkins.
19:04 of 1st period - Shot Blocked by Marco Scandella.
Goals for this period are 1 for Lightning vs 0 for Hurricanes.
Shots for this period are 10 for Lightning vs 13 for Hurricanes.

2nd period


0:01 of 2nd period - Derek MacKenzie wins face-off versus Mike Fisher in neutral zone.
0:10 of 2nd period - Slapshot by Matt Calvert.
0:10 of 2nd period - Deflect By Jared Spurgeon.
0:10 of 2nd period - Stopped by John Muse with a rebound.
0:16 of 2nd period - Slapshot by Ryan Suter.
0:16 of 2nd period - Stopped by John Muse with a rebound.
0:18 of 2nd period - Snap shot by Ryan Suter.
0:18 of 2nd period - Shot Blocked by Jared Spurgeon.
1:13 of 2nd period - Eric Staal is hit by Roman Polak and loses puck.
2:01 of 2nd period - Marc Methot is hit by Viktor Stalberg.
2:25 of 2nd period - Wrist shot by John Mitchell.
2:25 of 2nd period - Shot Misses the Net.
2:47 of 2nd period - Snap shot by Matt Read.
2:47 of 2nd period - Stopped by Carey Price with a rebound.
2:49 of 2nd period - Slapshot by Fedor Tyutin.
2:49 of 2nd period - Deflect By Mikhail Grabovski.
2:49 of 2nd period - Shot Misses the Net.
2:49 of 2nd period - Puck is out of play.
2:50 of 2nd period - Mike Fisher wins face-off versus Matt Calvert in Lightning zone.
3:17 of 2nd period - Slapshot by Mike Fisher.
3:17 of 2nd period - Shot Misses the Net.
3:19 of 2nd period - Slapshot by Jared Spurgeon.
3:19 of 2nd period - Shot Misses the Net.
3:21 of 2nd period - Slapshot by Jared Spurgeon.
3:21 of 2nd period - Shot Misses the Net.
3:23 of 2nd period - Snap shot by Josh Bailey.
3:23 of 2nd period - Stopped by Carey Price with a rebound.
3:25 of 2nd period - Snap shot by Stephane Robidas.
3:25 of 2nd period - Stopped by Carey Price with a rebound.
3:27 of 2nd period - Slapshot by Jared Spurgeon.
3:27 of 2nd period - Shot Misses the Net.
4:07 of 2nd period - Roman Polak is hit by Stephane Robidas and loses puck.
4:24 of 2nd period - Ryan Strome is hit by Matt Read and loses puck.
4:31 of 2nd period - Slapshot by Mattias Ekholm.
4:31 of 2nd period - Stopped by John Muse with a rebound.
4:33 of 2nd period - Wrist shot by Ryan Strome.
4:33 of 2nd period - Shot Blocked by Mike Weaver.
5:04 of 2nd period - Slapshot by Jiri Tlusty.
5:04 of 2nd period - Stopped by John Muse without a rebound.
5:05 of 2nd period - John Mitchell wins face-off versus Brian Flynn in Hurricanes zone.
5:16 of 2nd period - Slapshot by Jiri Tlusty.
5:16 of 2nd period - Stopped by John Muse with a rebound.
5:18 of 2nd period - Wrist shot by Alex Chiasson.
5:18 of 2nd period - Shot Misses the Net.
5:20 of 2nd period - Slapshot by Ryan Suter.
5:20 of 2nd period - Deflect By Alex Chiasson.
5:20 of 2nd period - Stopped by John Muse without a rebound.
5:21 of 2nd period - Derek MacKenzie wins face-off versus Stephen Gionta in Hurricanes zone.
5:56 of 2nd period - Wrist shot by Matt Calvert.
5:56 of 2nd period - Stopped by John Muse with a rebound.
6:14 of 2nd period - Mike Fisher is hit by Ryan Suter and loses puck.
7:09 of 2nd period - Mike Weaver is hit by Michael Stone and loses puck.
7:48 of 2nd period - Snap shot by Martin Hanzal.
7:48 of 2nd period - Shot Misses the Net.
7:50 of 2nd period - Slapshot by Thomas Hickey.
7:50 of 2nd period - Shot Misses the Net.
7:52 of 2nd period - Slapshot by Marco Scandella.
7:52 of 2nd period - Shot Hit the Post.
7:54 of 2nd period - Slapshot by Marco Scandella.
7:54 of 2nd period - Deflect By Mikhail Grabovski.
7:54 of 2nd period - Stopped by Carey Price with a rebound.
7:56 of 2nd period - Slapshot by Thomas Hickey.
7:56 of 2nd period - Deflect By Martin Hanzal.
7:56 of 2nd period - Shot Misses the Net.
7:56 of 2nd period - Puck is out of play.
7:57 of 2nd period - Derek MacKenzie wins face-off versus Mike Fisher in Lightning zone.
8:18 of 2nd period - Snap shot by Marian Gaborik.
8:18 of 2nd period - Stopped by Carey Price without a rebound.
8:19 of 2nd period - Ryan Nugent-Hopkins wins face-off versus Brian Flynn in Lightning zone.
8:30 of 2nd period - Snap shot by Ryan Nugent-Hopkins.
8:30 of 2nd period - Stopped by John Muse with a rebound.
8:32 of 2nd period - Slapshot by Marc Methot.
8:32 of 2nd period - Shot Blocked by Stephane Robidas.
8:34 of 2nd period - Slapshot by Michael Stone.
8:34 of 2nd period - Shot Misses the Net.
8:36 of 2nd period - Slapshot by Michael Stone.
8:36 of 2nd period - Shot Blocked by Viktor Stalberg.
8:38 of 2nd period - Wrist shot by Alexander Steen.
8:38 of 2nd period - Shot Misses the Net.
8:40 of 2nd period - Wrist shot by Alexander Steen.
8:40 of 2nd period - Goal by Alexander Steen - Lightning : 2 - Hurricanes : 0.
8:41 of 2nd period - Mike Fisher wins face-off versus Brandon Dubinsky in neutral zone.
9:13 of 2nd period - Roman Polak is hit by Stephane Robidas.
10:01 of 2nd period - Slapshot by Eric Staal.
10:01 of 2nd period - Deflect By Jiri Hudler.
10:01 of 2nd period - Goal by Jiri Hudler - Lightning : 2 - Hurricanes : 1.
10:02 of 2nd period - Derek MacKenzie wins face-off versus Mikhail Grabovski in neutral zone.
10:07 of 2nd period - Snap shot by Derek MacKenzie.
10:07 of 2nd period - Shot Misses the Net.
10:13 of 2nd period - Wrist shot by Martin Hanzal.
10:13 of 2nd period - Stopped by Carey Price with a rebound.
10:15 of 2nd period - Wrist shot by Thomas Hickey.
10:15 of 2nd period - Stopped by Carey Price with a rebound.
10:17 of 2nd period - Backhand shot by Marco Scandella.
10:17 of 2nd period - Shot Blocked by Michael Stone.
10:34 of 2nd period - Off-side.
10:35 of 2nd period - Brandon Dubinsky wins face-off versus Mike Fisher in neutral zone.
10:38 of 2nd period - Stephane Robidas is hit by Brandon Dubinsky and loses puck.
11:30 of 2nd period - Ryan Nugent-Hopkins is hit by Stephane Robidas and loses puck.
12:04 of 2nd period - Marco Scandella is hit by Ryan Suter.
13:06 of 2nd period - Icing by Derek MacKenzie.
13:07 of 2nd period - Derek MacKenzie wins face-off versus Brian Flynn in Lightning zone.
13:12 of 2nd period - Snap shot by Marc Methot.
13:12 of 2nd period - Shot Misses the Net.
13:31 of 2nd period - Off-side.
13:32 of 2nd period - Mike Fisher wins face-off versus Brandon Dubinsky in neutral zone.
13:46 of 2nd period - Snap shot by Mike Fisher.
13:46 of 2nd period - Shot Misses the Net.
13:48 of 2nd period - Slapshot by Stephane Robidas.
13:48 of 2nd period - Stopped by Carey Price without a rebound.
13:49 of 2nd period - Brandon Dubinsky wins face-off versus Mike Fisher in Lightning zone.
13:54 of 2nd period - Jared Spurgeon is hit by Roman Polak and loses puck.
14:48 of 2nd period - Slapshot by Alexander Steen.
14:48 of 2nd period - Shot Blocked by Jared Spurgeon.
15:02 of 2nd period - Alexander Steen is hit by Stephane Robidas and loses puck.
15:35 of 2nd period - Thomas Hickey is hit by Matt Calvert and loses puck.
16:02 of 2nd period - Snap shot by Martin Hanzal.
16:02 of 2nd period - Shot Misses the Net.
17:06 of 2nd period - Snap shot by Alex Chiasson.
17:06 of 2nd period - Stopped by John Muse without a rebound.
17:07 of 2nd period - Mike Fisher wins face-off versus Alex Chiasson in Hurricanes zone.
17:22 of 2nd period - Mike Weaver is hit by John Mitchell and loses puck.
17:51 of 2nd period - Off-side.
17:52 of 2nd period - Martin Hanzal wins face-off versus Ryan Nugent-Hopkins in neutral zone.
18:27 of 2nd period - Ryan Nugent-Hopkins is hit by Marco Scandella and loses puck.
18:32 of 2nd period - Snap shot by Jiri Hudler.
18:32 of 2nd period - Shot Blocked by Tyson Barrie.
18:36 of 2nd period - Slapshot by Jiri Hudler.
18:36 of 2nd period - Shot Misses the Net.
18:42 of 2nd period - Snap shot by Jiri Hudler.
18:42 of 2nd period - Shot Blocked by Ryan Suter.
18:44 of 2nd period - Slapshot by Jared Spurgeon.
18:44 of 2nd period - Deflect By Alexander Steen.
18:44 of 2nd period - Stopped by Carey Price with a rebound.
18:46 of 2nd period - Snap shot by Jiri Hudler.
18:46 of 2nd period - Deflect By Eric Staal.
18:46 of 2nd period - Stopped by Carey Price with a rebound.
18:48 of 2nd period - Slapshot by Jiri Hudler.
18:48 of 2nd period - Stopped by Carey Price with a rebound.
19:12 of 2nd period - Snap shot by Brian Flynn.
19:12 of 2nd period - Shot Blocked by Alexander Steen.
19:14 of 2nd period - Snap shot by Brian Flynn.
19:14 of 2nd period - Stopped by Carey Price without a rebound.
19:15 of 2nd period - Brandon Dubinsky wins face-off versus Brian Flynn in Lightning zone.
19:26 of 2nd period - Snap shot by Ryan Strome.
19:26 of 2nd period - Stopped by John Muse with a rebound.
19:28 of 2nd period - Snap shot by Ondrej Palat.
19:28 of 2nd period - Shot Misses the Net.
19:30 of 2nd period - Slapshot by Mattias Ekholm.
19:30 of 2nd period - Stopped by John Muse with a rebound.
19:32 of 2nd period - Slapshot by Mattias Ekholm.
19:32 of 2nd period - Shot Misses the Net.
19:48 of 2nd period - Snap shot by Ondrej Palat.
19:48 of 2nd period - Stopped by John Muse with a rebound.
19:50 of 2nd period - Slapshot by Roman Polak.
19:50 of 2nd period - Deflect By Ondrej Palat.
19:50 of 2nd period - Shot Misses the Net.
19:50 of 2nd period - Puck is out of play.
19:51 of 2nd period - John Mitchell wins face-off versus Mike Fisher in Hurricanes zone.
Goals for this period are 1 for Lightning vs 1 for Hurricanes.
Shots for this period are 13 for Lightning vs 13 for Hurricanes.

3rd period


0:01 of 3rd period - Mike Fisher wins face-off versus Brandon Dubinsky in neutral zone.
0:06 of 3rd period - Michael Stone is hit by Marco Scandella and loses puck.
0:14 of 3rd period - Wrist shot by Ryan Strome.
0:14 of 3rd period - Stopped by John Muse without a rebound.
0:15 of 3rd period - Brandon Dubinsky wins face-off versus Mike Fisher in Hurricanes zone.
1:14 of 3rd period - Wrist shot by Patric Hornqvist.
1:14 of 3rd period - Goal by Patric Hornqvist - Lightning : 3 - Hurricanes : 1.
1:15 of 3rd period - Eric Staal wins face-off versus John Mitchell in neutral zone.
1:24 of 3rd period - Mattias Ekholm is hit by Stephane Robidas and loses puck.
1:48 of 3rd period - Off-side.
1:49 of 3rd period - Martin Hanzal wins face-off versus Brandon Dubinsky in neutral zone.
3:08 of 3rd period - Michael Stone is hit by Stephen Gionta.
3:18 of 3rd period - Alexander Steen is hit by Josh Bailey and loses puck.
3:43 of 3rd period - Minor Penalty to Mike Fisher for High sticking.
3:44 of 3rd period - Martin Hanzal wins face-off versus Brandon Dubinsky in Hurricanes zone.
4:11 of 3rd period - Snap shot by Ryan Strome.
4:11 of 3rd period - Goal by Ryan Strome - Lightning : 4 - Hurricanes : 1.
4:12 of 3rd period - Derek MacKenzie wins face-off versus Eric Staal in neutral zone.
4:15 of 3rd period - Thomas Hickey is hit by Leo Komarov and loses puck.
4:30 of 3rd period - Snap shot by Jiri Hudler.
4:30 of 3rd period - Stopped by Carey Price with a rebound.
6:32 of 3rd period - Mike Weaver is hit by Ryan Suter and loses puck.
6:58 of 3rd period - Mike Weaver is hit by Tyson Barrie and loses puck.
7:10 of 3rd period - Minor Penalty to Alexander Steen for Boarding.
7:11 of 3rd period - Mike Fisher wins face-off versus Derek MacKenzie in Lightning zone.
7:49 of 3rd period - Wrist shot by Brandon Dubinsky.
7:49 of 3rd period - Shot Misses the Net.
8:16 of 3rd period - Leo Komarov is hit by Thomas Hickey and loses puck.
8:33 of 3rd period - Icing by Marco Scandella.
8:34 of 3rd period - Eric Staal wins face-off versus Derek MacKenzie in Hurricanes zone.
9:03 of 3rd period - Wrist shot by Marian Gaborik.
9:03 of 3rd period - Goal by Marian Gaborik - Lightning : 4 - Hurricanes : 2.
9:04 of 3rd period - Martin Hanzal wins face-off versus Ryan Nugent-Hopkins in neutral zone.
9:28 of 3rd period - Snap shot by Alexander Steen.
9:28 of 3rd period - Deflect By Patric Hornqvist.
9:28 of 3rd period - Shot Blocked by Stephane Robidas.
9:28 of 3rd period - Puck is out of play.
9:29 of 3rd period - John Mitchell wins face-off versus Mike Fisher in Hurricanes zone.
9:30 of 3rd period - Snap shot by Jiri Tlusty.
9:30 of 3rd period - Shot Blocked by Mike Fisher.
9:32 of 3rd period - Slapshot by Jiri Tlusty.
9:32 of 3rd period - Shot Misses the Net.
9:34 of 3rd period - Snap shot by Alex Chiasson.
9:34 of 3rd period - Stopped by John Muse with a rebound.
9:44 of 3rd period - Snap shot by John Mitchell.
9:44 of 3rd period - Stopped by John Muse without a rebound.
9:45 of 3rd period - John Mitchell wins face-off versus Mike Fisher in Hurricanes zone.
9:54 of 3rd period - Snap shot by John Mitchell.
9:54 of 3rd period - Stopped by John Muse with a rebound.
9:56 of 3rd period - Backhand shot by Marc Methot.
9:56 of 3rd period - Deflect By Mike Fisher.
9:56 of 3rd period - Stopped by John Muse without a rebound.
9:57 of 3rd period - Brandon Dubinsky wins face-off versus Eric Staal in Hurricanes zone.
10:19 of 3rd period - Off-side.
10:20 of 3rd period - Mike Fisher wins face-off versus Ryan Nugent-Hopkins in neutral zone.
10:23 of 3rd period - Snap shot by Marian Gaborik.
10:23 of 3rd period - Shot Blocked by Marc Methot.
10:39 of 3rd period - Snap shot by Marian Gaborik.
10:39 of 3rd period - Shot Blocked by Marc Methot.
10:42 of 3rd period - Minor Penalty to Patric Hornqvist for Tripping.
10:43 of 3rd period - Eric Staal wins face-off versus Brandon Dubinsky in Lightning zone.
10:58 of 3rd period - Snap shot by Jiri Hudler.
10:58 of 3rd period - Shot Misses the Net.
11:00 of 3rd period - Slapshot by Stephane Robidas.
11:00 of 3rd period - Stopped by Carey Price without a rebound.
11:01 of 3rd period - Brandon Dubinsky wins face-off versus Jiri Hudler in Lightning zone.
11:14 of 3rd period - Wrist shot by Eric Staal.
11:14 of 3rd period - Shot Misses the Net.
11:16 of 3rd period - Snap shot by Stephane Robidas.
11:16 of 3rd period - Stopped by Carey Price with a rebound.
11:18 of 3rd period - Wrist shot by Jared Spurgeon.
11:18 of 3rd period - Stopped by Carey Price without a rebound.
11:19 of 3rd period - Mike Fisher wins face-off versus Derek MacKenzie in Lightning zone.
11:28 of 3rd period - Slapshot by Mike Fisher.
11:28 of 3rd period - Shot Blocked by Marc Methot.
11:30 of 3rd period - Wrist shot by Marco Scandella.
11:30 of 3rd period - Shot Blocked by Ryan Suter.
11:36 of 3rd period - Wrist shot by Marian Gaborik.
11:36 of 3rd period - Shot Misses the Net.
11:38 of 3rd period - Snap shot by Marco Scandella.
11:38 of 3rd period - Shot Misses the Net.
11:40 of 3rd period - Snap shot by Mike Fisher.
11:40 of 3rd period - Shot Misses the Net.
11:42 of 3rd period - Wrist shot by Mike Fisher.
11:42 of 3rd period - Stopped by Carey Price with a rebound.
11:44 of 3rd period - Slapshot by Thomas Hickey.
11:44 of 3rd period - Shot Blocked by Marc Methot.
11:46 of 3rd period - Slapshot by Marco Scandella.
11:46 of 3rd period - Deflect By Marian Gaborik.
11:46 of 3rd period - Stopped by Carey Price without a rebound.
11:47 of 3rd period - Eric Staal wins face-off versus Brandon Dubinsky in Lightning zone.
12:32 of 3rd period - Leo Komarov is hit by Kris Versteeg and loses puck.
12:42 of 3rd period - Penalty to Patric Hornqvist is over, Patric Hornqvist is back on ice.
13:01 of 3rd period - Thomas Hickey is hit by Roman Polak and loses puck.
13:32 of 3rd period - Snap shot by Martin Hanzal.
13:32 of 3rd period - Stopped by Carey Price with a rebound.
13:34 of 3rd period - Slapshot by Matt Read.
13:34 of 3rd period - Stopped by Carey Price with a rebound.
13:36 of 3rd period - Slapshot by Fedor Tyutin.
13:36 of 3rd period - Deflect By Ryan Nugent-Hopkins.
13:36 of 3rd period - Stopped by Carey Price with a rebound.
13:38 of 3rd period - Slapshot by Mike Weaver.
13:38 of 3rd period - Stopped by Carey Price without a rebound.
13:39 of 3rd period - Brandon Dubinsky wins face-off versus Brian Flynn in Lightning zone.
13:46 of 3rd period - Snap shot by Brandon Dubinsky.
13:46 of 3rd period - Deflect By Mike Weaver.
13:46 of 3rd period - Shot Misses the Net.
13:46 of 3rd period - Puck is out of play.
13:47 of 3rd period - Viktor Stalberg wins face-off versus Brandon Dubinsky in Hurricanes zone.
15:02 of 3rd period - Michael Stone is hit by Eric Staal and loses puck.
16:32 of 3rd period - Icing by Fedor Tyutin.
16:33 of 3rd period - Martin Hanzal wins face-off versus Ryan Nugent-Hopkins in Hurricanes zone.
16:52 of 3rd period - Snap shot by Ryan Nugent-Hopkins.
16:52 of 3rd period - Shot Blocked by Stephen Gionta.
16:58 of 3rd period - Alexander Steen is hit by Stephen Gionta and loses puck.
17:31 of 3rd period - Thomas Hickey is hit by Ryan Nugent-Hopkins and loses puck.
18:50 of 3rd period - Wrist shot by Marian Gaborik.
18:50 of 3rd period - Shot Blocked by Mattias Ekholm.
19:39 of 3rd period - Wrist shot by Mikhail Grabovski.
19:39 of 3rd period - Stopped by Carey Price with a rebound.
Goals for this period are 2 for Lightning vs 1 for Hurricanes.
Shots for this period are 7 for Lightning vs 12 for Hurricanes.